AoeStats
← Shredded_Pork

Black Forest

509102908Analyzed
4v4 RM · 7d ago on Sep 25, 2026· 52m 50s· 8 players
Game mode
Random Map
Map size
Large (8 player)
Population
200
Speed
Normal
Resources
Standard
Victory
Conquest
Starting age
Dark Age
Ending age
Imperial Age
RankedLock teamsTeams togetherTeam positionsShared explorationLock speedFull tech treeHidden civsTurbo modeCheats
Victory
Defeat
🇨🇳 Italians · China
740
+7
🇺🇸 Varangians · United States
733
+7
🇦🇷 Teutons · Argentina
708
+8
🇯🇵 Khmer · Japan
704
+8
🇨🇳 Britons · China
541
-8
🇭🇰 Wei · Hong Kong SAR China
524
-8
🇭🇰 Celts · Hong Kong SAR China
500
-7
🇨🇱 Italians · Chile
486
-7
今天是魔王
1:09 Loom
11:40 Feudal Age
12:24 Double-Bit Axe
12:51 Gold Mining
15:28 Wheelbarrow
18:36 Stone Mining
19:31 Horse Collar
26:48 Castle Age
28:01 Hand Cart
31:14 Fletching
31:40 Forging
31:37 Scale Barding Armor
32:05 Bow Saw
35:57 Imperial Age
33:34 Bodkin Arrow
34:02 Chain Barding Armor
33:48 Husbandry
33:15 Light Cavalry
34:51 Caravan
35:33 Heavy Plow
37:37 Gold Shaft Mining
37:41 Stone Shaft Mining
37:36 Conscription
38:32 Iron Casting
38:21 Town Watch
40:20 Stronghold
40:41 Furor Celtica
cst9855
0:35 Loom
12:50 Feudal Age
14:17 Double-Bit Axe
17:44 Horse Collar
19:30 Wheelbarrow
22:29 Castle Age
24:09 Gold Mining
24:34 Scale Barding Armor
24:40 Forging
24:22 Fletching
24:33 Padded Archer Armor
23:56 Light Cavalry
25:09 Bow Saw
25:39 Stone Mining
28:28 Hand Cart
28:36 Thumb Ring
28:50 Bloodlines
35:07 Imperial Age
32:46 Husbandry
33:05 Tuntian
33:11 Town Watch
33:46 Bodkin Arrow
34:33 Ballistics
35:18 Murder Holes
36:14 Stone Shaft Mining
36:13 Leather Archer Armor
37:15 Parthian Tactics
36:51 Hussar
37:42 Caravan
AirFox
0:33 Loom
14:07 Feudal Age
28:29 Castle Age
26:20 Horse Collar
26:31 Double-Bit Axe
26:42 Stone Mining
26:44 Gold Mining
27:07 Forging
27:05 Scale Barding Armor
36:31 Heavy Plow
37:12 Stone Shaft Mining
39:21 Wheelbarrow
38:32 Town Watch
39:04 Bow Saw
38:54 Heated Shot
39:08 Padded Archer Armor
39:58 Iron Casting
39:29 Fletching
40:09 Chain Barding Armor
40:19 Leather Archer Armor
40:45 Masonry
42:52 Silk Road
42:50 Husbandry
43:00 Bloodlines
42:11 Light Cavalry
45:59 Imperial Age
43:46 Hand Cart
46:21 Hussar
50:41 Chemistry
CCxK3
0:50 Loom
14:40 Feudal Age
15:35 Feudal Age
18:29 Wheelbarrow
17:44 Town Watch
20:46 Double-Bit Axe
20:57 Stone Mining
20:57 Gold Mining
20:52 Horse Collar
32:58 Castle Age
34:13 Elite Skirmisher
34:16 Crossbowman
35:01 Padded Archer Armor
34:53 Fletching
35:24 Hand Cart
35:11 Town Patrol
36:03 Gold Shaft Mining
35:44 Bow Saw
37:50 Heavy Plow
39:36 Yeomen
40:28 Squires
39:49 Pikeman
43:07 Murder Holes
43:36 Ballistics
49:21 Imperial Age
Lucasavend
0:42 Loom
14:35 Feudal Age
24:04 Castle Age
23:30 Wheelbarrow
22:42 Town Watch
22:51 Horse Collar
23:29 Double-Bit Axe
23:39 Gold Mining
23:57 Stone Mining
29:33 Imperial Age
28:34 Bow Saw
29:05 Stone Shaft Mining
28:54 Heavy Plow
30:48 Hand Cart
31:09 Conscription
34:17 Two-Man Saw
33:55 Crop Rotation
36:42 Caravan
36:38 Gambesons
36:54 Squires
36:49 Arson
37:45 Fletching
37:56 Scale Mail Armor
38:08 Forging
40:32 Iron Casting
40:13 Chain Mail Armor
45:27 Bodkin Arrow
46:03 Plate Mail Armor
46:45 Blast Furnace
50:12 Man-at-Arms
50:16 Pikeman
51:54 Elite Teutonic Knight
豚マソ
2:48 Loom
17:36 Feudal Age
20:59 Castle Age
18:41 Horse Collar
18:50 Double-Bit Axe
18:59 Stone Mining
19:57 Gold Mining
21:53 Bow Saw
23:10 Gold Shaft Mining
23:29 Stone Shaft Mining
24:40 Caravan
27:20 Wheelbarrow
27:39 Heavy Plow
30:06 Hand Cart
30:24 Ballistics
33:47 Imperial Age
32:18 Husbandry
32:29 Bloodlines
32:31 Scale Barding Armor
34:21 Chain Barding Armor
34:12 Forging
34:17 Town Watch
35:00 Conscription
34:15 Heavy Scorpion
35:23 Siege Engineers
36:09 Plate Barding Armor
36:20 Tusk Swords
36:53 Double Crossbow
37:44 Iron Casting
38:15 Chemistry
37:43 Town Patrol
37:52 Elite Battle Elephant
41:02 Blast Furnace
46:08 Scale Mail Armor
46:08 Padded Archer Armor
45:59 Fletching
51:38 Spies/Treason
Shredded_Pork
10:41 Feudal Age
11:11 Double-Bit Axe
11:38 Horse Collar
19:12 Castle Age
18:15 Stone Mining
18:15 Gold Mining
25:45 Bow Saw
25:38 Heavy Plow
33:27 Imperial Age
32:02 Wheelbarrow
32:38 Ballistics
32:24 Padded Archer Armor
32:15 Fletching
32:38 Forging
32:28 Scale Mail Armor
33:03 Caravan
33:33 Leather Archer Armor
33:35 Thumb Ring
34:17 Silk Road
34:55 Stone Shaft Mining
34:37 Hand Cart
34:39 Squires
35:49 Chemistry
36:06 Conscription
36:48 Ring Archer Armor
36:14 Bodkin Arrow
36:54 Iron Casting
36:35 Chain Mail Armor
37:30 Two-Man Saw
37:11 Crop Rotation
36:37 Elite Skirmisher
41:04 Blast Furnace
40:05 Bracer
52:01 Spies/Treason
Raidho
0:30 Loom
15:19 Feudal Age
16:15 Double-Bit Axe
16:31 Gold Mining
16:31 Stone Mining
16:39 Stone Mining
18:05 Wheelbarrow
17:12 Horse Collar
18:09 Town Watch
21:55 Fletching
22:16 Forging
22:12 Scale Barding Armor
22:08 Scale Mail Armor
24:06 Bloodlines
23:43 Arson
24:01 Padded Archer Armor
28:57 Castle Age
29:54 Caravan
30:13 Hand Cart
30:01 Heavy Plow
30:13 Bow Saw
30:53 Bodkin Arrow
31:01 Squires
30:47 Gambesons
31:06 Husbandry
33:13 Devotion
33:09 Herbal Medicine
34:15 Iron Casting
34:00 Chain Barding Armor
35:01 Coinage
36:24 Ballistics
35:56 Treadmill Crane
37:02 Masonry
37:54 Vendel Legacy
38:48 Murder Holes
40:35 Stone Shaft Mining
40:22 Fervor
40:58 Fortified Wall
40:39 Guard Tower
40:58 Town Patrol
42:52 Chain Barding Armor
42:48 Chain Mail Armor
42:49 Leather Archer Armor
49:40 Imperial Age
51:23 Blast Furnace
50:54 Plate Mail Armor
50:59 Plate Barding Armor
50:25 Bracer
51:00 Conscription
51:46 Guilds
52:07 Banking
51:18 Elite Jarl
51:20 Gothikon
52:33 Crop Rotation
52:24 Capped Ram
54:10 Two-Man Saw
Connection lost

Rejoining the realm…

Still unreachable

The connection could not be restored.

Session expired

The server has moved on; the page needs a fresh start.